 Dungeon Crawl Stone Soup version 0.26-a0-520-g952f204493 (webtiles) character file.

Game seed: 6460436289770767541

42 ANON1729 the Chucker (level 3, 0/37 HPs)
             Began as an Ogre Hunter on Aug 12, 2020.
             Succumbed to an orc's poison
             ... on level 1 of the Dungeon.
             The game lasted 00:01:30 (1946 turns).

ANON1729 the Chucker (Ogre Hunter)                  Turns: 1946, Time: 00:01:30

Health: 0/37       AC:  3    Str: 17    XL:     3   Next: 56%
Magic:  3/3        EV: 10    Int: 12    God:
Gold:   34         SH:  0    Dex:  9    Spells: 2/2 levels left

rFire    . . .     SeeInvis .   a - +0 short sword
rCold    . . .     Faith    .   (no shield)
rNeg     . . .     Spirit   .   b - +0 robe
rPois    .         Reflect  .   (helmet restricted)
rElec    .         Harm     .   l - scarf {+Inv}
rCorr    .                      (gloves unavailable)
MR       .....                  (boots unavailable)
Stlth    +.........             (no amulet)
HPRegen  0.12/turn              (no ring)
MPRegen  0.08/turn              (no ring)

@: lethally poisoned (0 -> -18), berserk cooldown, slowed, very slow
A: large, unfitting armour, tough skin 1
a: Evoke Invisibility


You were on level 1 of the Dungeon.
You visited 1 branch of the dungeon, and saw 2 of its levels.

You collected 34 gold pieces.

Inventory:

Hand Weapons
 a - a +0 short sword (weapon)
Missiles
 c - 3 large rocks (quivered)
 d - 2 throwing nets
Armour
 b - a +0 robe (worn)
 l - a scarf of invisibility (worn)
Jewellery
 e - an uncursed ring of positive energy {unknown}
Scrolls
 f - a scroll of noise {unknown}
 h - a scroll of fog {unknown}
 i - a scroll of blinking {unknown}
 j - a scroll of remove curse {unknown}
Potions
 k - a potion of resistance {unknown}
 m - a potion of might {unknown}


   Skills:
 + Level 3.4 Fighting
 + Level 4.3 Throwing
 + Level 2.3 Dodging
 + Level 1.3 Stealth


You had 2 spell levels left.
You didn't know any spells.
Your spell library was empty.

Dungeon Overview and Level Annotations

Branches:
Dungeon (2/15)

Altars:


Innate Abilities, Weirdness & Mutations

You are too large for most types of armour.
You have tough skin. (AC +1)


Message History

A red film seems to cover your vision as you go berserk!
You feel yourself moving faster!
You feel mighty!
* * * LOW HITPOINT WARNING * * *
You feel sick. The orc completely misses you.
You are too berserk!
You puncture the orc!
You kill the orc!
* * * LOW HITPOINT WARNING * * *
You feel sick.
* * * LOW HITPOINT WARNING * * *
You feel sick.
Things that are here:
a +0 flail; a +0 club; an orc corpse You feel a strong urge to attack something.
* * * LOW HITPOINT WARNING * * *
You feel sick.
You are no longer berserk.
You are exhausted.
You feel yourself slow down.
You die...

#..#.# ##.#.# ###.#.#
##♣#♣...#.# #♣.....♣.#.#
################ #........#.#
#...............
♣..♣.♣..♣#.###.##############
#.......)>.........# #
♣..♣.♣..♣.).@..###.## #
#.......#[########..# #♣♣♣
#♣.....♣#..#.....##.## ♣.PP
##♣#♣#.#..#.###.##..# ♣PP.
#)#........###.# ♣♣.♣
#.#.##.#.#####.####♣..P
#(.....)...........♣..P
####...(.######.####♣.♣
#.......# #.# #..


There were no monsters in sight!

Vanquished Creatures
  A dart slug (D:1)
  3 leopard geckos (D:1)
  3 orcs
  4 bats (D:1)
  3 giant cockroaches (D:1)
  7 goblins (D:1)
  4 hobgoblins (D:1)
  2 frilled lizards (D:1)
  3 kobolds (D:1)
  2 rats (D:1)
  A plant (D:1)
33 creatures vanquished.

Notes
Turn   | Place    | Note
-------+----------+-------------------------------------------
     0 | D:1      | ANON1729 the Ogre Hunter began the quest for the Orb.
     0 | D:1      | Reached XP level 1. HP: 22/22 MP: 1/1
   420 | D:1      | Reached XP level 2. HP: 17/29 MP: 2/2
   796 | D:1      | Reached skill level 1 in Stealth
  1299 | D:1      | Reached XP level 3. HP: 35/37 MP: 3/3
  1944 | D:1      | HP: 2/55 [poisoned by an orc]
  1946 | D:1      | Succumbed to an orc's poison

Illustrated notes

Levels and vault maps discovered:
D:1:      dpeg_arrival_rooms_c, layout_basic, serial_forest,
          infiniplex_forest_straight_3, infiniplex_forest_straight_4,
          infiniplex_forest_clump_large, infiniplex_forest_straight_3,
          infiniplex_forest_lined_room_3, infiniplex_forest_lined_ring,
          infiniplex_forest_end_1, chequers_jeans
D:2:      layout_basic, chequers_temple_overflow_minitemple,
          nicolae_qazlal_style_of_elements

Skill      XL: |  1  2 |
---------------+-------+-----
Fighting       | 3 |  3.4
Dodging        | 2 |  2.3
Stealth        | 1 |  1.3
Throwing       | |  4.3

Action                   || total
-------------------------++-------
Melee: Short sword       ||   183
Throw: Large rock        ||     2
  Use: Potion            ||     1
Armor: Robe              ||    37
Dodge: Dodged            ||    54

Table legend: (Time is in decaauts)
 A = Elapsed time spent in this place.
 B = Non-inter-level travel time spent in this place.
 C = Inter-level travel time spent in this place.
 D = Time resting spent in this place.
 E = Time spent auto-exploring this place.
 F = Levels seen in this place.
 G = Mean time per level.
                   A        B        C        D        E       F      G
               +--------+--------+--------+--------+--------+-----+--------+
         Total |   1965 |   1938 |     27 |   1059 |    571 |   2 |  982.5 |
       Dungeon |   1965 |   1938 |     27 |   1059 |    571 |   2 |  982.5 |
               +--------+--------+--------+--------+--------+-----+--------+

Top non-repeatable levels by time:
     D:1: 1952 daAuts
     D:2: 12 daAuts
